 Dungeon Crawl Stone Soup version 0.31-a0-609-g7bf6ffcfed (webtiles) character file.

Game seed: 2302180443388553895

75011 oldriver the Frost Mage (level 15, -7/108 HPs)
             Began as a Merfolk Ice Elementalist on Aug 4, 2023.
             Was a High Priest of Hepliaklqana.
             Mangled by a cyan ugly thing (15 damage)
             ... on level 14 of the Dungeon on Aug 22, 2023.
             The game lasted 01:05:50 (30312 turns).

oldriver the Frost Mage (Merfolk Ice Elementalist) Turns: 30312, Time: 01:05:51

Health: -7/108     AC: 11    Str: 10    XL:     15   Next: 48%
Magic:  27/42      EV: 31    Int: 22    God:    Hepliaklqana [*****.]
Gold:   379        SH:  7    Dex: 11    Spells: 24/42 levels left

rFire   + . .        G - +8 falchion "Bytaup" {freeze, rC+ Int+2}
rCold   + + .        W - +2 buckler
rNeg    . . .        B - +3 leather armour of Gaydgh {rF+ rC+ Dex-4}
rPois   +            S - +2 hat {Stlth+}
rElec   .            y - +0 cloak
rCorr   .            n - +0 pair of gloves
SInv    .            F - +0 pair of boots
Will    +....        U - amulet of the acrobat
Stlth   ++++         s - ring of magical power
HPRegen 0.38/turn    a - ring of poison resistance
MPRegen 0.28/turn

%: acrobat
@: acrobatic
A: reduced essence, (nimble swimmer 2), mertail
a: Renounce Religion, Recall Ancestor, Ancestor Identity, Transference, Idealise


You were on level 14 of the Dungeon.
You worshipped Hepliaklqana.
Hepliaklqana was extremely pleased with you.
You visited 3 branches of the dungeon, and saw 21 of its levels.
You also visited: Volcano.

You collected 2235 gold pieces.
You spent 1856 gold pieces at shops.

Inventory:

Hand Weapons
 d - the +7 war axe "Pureivet" {pain, Str+3 Dex+5}
   (You found it on level 4 of the Dungeon)

   Str+3:     It affects your strength (+3).
   Dex+5:     It affects your dexterity (+5).
 G - the +8 falchion "Bytaup" (weapon) {freeze, rC+ Int+2}
   (You found it on level 8 of the Dungeon)

   Int+2:     It affects your intelligence (+2).
   rC+:       It protects you from cold.
Missiles
 u - 2 throwing nets
Armour
 n - a +0 pair of gloves (worn)
 y - a +0 cloak (worn)
 B - the +3 leather armour of Gaydgh (worn) {rF+ rC+ Dex-4}
   (You found it on level 7 of the Dungeon)

   Dex-4:     It affects your dexterity (-4).
   rF+:       It protects you from fire.
   rC+:       It protects you from cold.
 F - a +0 pair of boots (worn)
 S - a +2 hat of stealth (worn)
 W - a +2 buckler (worn)
Magical Staves
 i - a staff of cold
Jewellery
 a - a ring of poison resistance (right hand)
 s - a ring of magical power (left hand)
 C - the ring "Gyadgh" {rF+ Dex+2}
   (You found it on level 7 of the Dungeon)

   [ring of protection from fire]

   Dex+2:     It affects your dexterity (+2).
   rF+:       It protects you from fire.
 D - a ring of see invisible
 J - a ring of ice
 Q - an amulet of guardian spirit
 U - an amulet of the acrobat (around neck)
Wands
 k - a wand of mindburst (23)
 p - a wand of flame (88)
 r - a wand of roots (14)
Scrolls
 c - 3 scrolls of poison
 e - 2 scrolls of revelation
 f - 3 scrolls of fog
 h - 7 scrolls of teleportation
 t - a scroll of immolation
 v - 2 scrolls of fear
 z - a scroll of amnesia
 E - 3 scrolls of enchant armour
 H - 2 scrolls of blinking
 I - 3 scrolls of vulnerability
 K - a scroll of silence
 N - 2 scrolls of summoning
 T - 5 scrolls of identify
Potions
 b - 4 potions of magic
 g - 5 potions of haste
 j - 2 potions of enlightenment
 l - 8 potions of curing
 m - 3 potions of mutation
 o - 3 potions of resistance
 w - 5 potions of might
 x - 2 potions of attraction
 A - 2 potions of brilliance
 L - 2 potions of invisibility
 O - 5 potions of berserk rage
 P - 2 potions of lignification
 R - a potion of cancellation


   Skills:
 - Level 12.0 Fighting
 - Level 14.0 Dodging
 - Level 7.0 Stealth
 - Level 5.0 Shields
 - Level 14.0 Spellcasting
 - Level 6.6 Summonings
 + Level 14.9 Ice Magic
 - Level 5.0 Shapeshifting


You had 24 spell levels left.
You knew the following spells:

 Your Spells              Type           Power      Damage    Failure   Level
a - Freeze                Ice            100%       1d10      0%          1
b - Frozen Ramparts       Ice            100%       1d16      1%          3
c - Ozocubu's Armour      Ice            69%        N/A       1%          3
d - Summon Ice Beast      Ice/Summ       58%        N/A       1%          4
e - Ozocubu's Refrigerat  Ice            34%        4d15      14%         7

Your spell library contained the following spells:

 Spells                   Type           Power      Damage    Failure   Level
 Summon Small Mammal      Summ           100%       N/A       1%          1
 Call Imp                 Summ           88%        N/A       1%          2
 Ensorcelled Hibernation  Hex/Ice        96%        N/A       1%          2
 Call Canine Familiar     Summ           44%        N/A       1%          3
 Summon Guardian Golem    Hex/Summ       30%        N/A       6%          3
 Kiss of Death            Conj/Necr      60%        2d10      8%          1
 Magic Dart               Conj           60%        1d6       8%          1
 Sandblast                Erth           30%        2d9       8%          1
 Slow                     Hex            60%        N/A       8%          1
 Metabolic Englaciation   Hex/Ice        24%        N/A       10%         5
 Lesser Beckoning         Tloc           30%        N/A       12%         2
 Passwall                 Tmut/Erth      12%        N/A       12%         2
 Poisonous Vapours        Pois/Air       30%        N/A       12%         2
 Confusing Touch          Hex            15%        N/A       22%         3
 Gell's Gravitas          Tloc           15%        N/A       22%         3
 Mephitic Cloud           Conj/Pois/Air  15%        N/A       22%         3
 Portal Projectile        Hex/Tloc       30%        N/A       22%         3
 Stone Arrow              Conj/Erth      30%        3d8       22%         3
 Swiftness                Air            15%        N/A       22%         3
 Teleport Other           Tloc           15%        N/A       22%         3
 Tukima's Dance           Hex            15%        N/A       22%         3
 Vampiric Draining        Necr           15%        2d7       22%         3
 Volatile Blastmotes      Fire/Tloc      30%        2d12      22%         3
 Airstrike                Air            7%         2d(2-18)  58%         4
 Anguish                  Hex/Necr       7%         N/A       58%         4
 Dispel Undead            Necr           15%        3d10      58%         4
 Fulminant Prism          Conj/Hex       7%         3d6       58%         4
 Iskenderun's Mystic Bla  Conj/Tloc      15%        2d5       58%         4
 Dispersal                Tloc           7%         N/A       100%        6


Dungeon Overview and Level Annotations

Branches:
Dungeon (14/15)            Temple (0/1) D:5            Lair (5/5) D:11
 Shoals (0/4) Lair:2       Spider (0/4) Lair:2        Slime (0/5) Lair:4
    Orc (2/2) D:10            Elf (0/3) Orc:2        Vaults (0/5) D:13
Volcano (visited)

Altars:
Cheibriados
Hepliaklqana
Kikubaaqudgha
Okawaru
Qazlal
Ru
Wu Jian
Yredelemnul
The Shining One
Jiyva
Lugonu

Shops:
D:2 *   D:4 ?   D:5 ?   Orc:2 [(*=[

Portals:
Abyss: D:3

Annotations:
D:3 3 runed translucent doors, Pooter's ghost, amateur MfGl
D:14 Rupert


Innate Abilities, Weirdness & Mutations

Your life essence is reduced to manifest your ancestor. (-10% HP)
((You are very nimble when in or above water. (Stealth+, EV+, Speed+++)))
Your lower body shifts to a powerful aquatic tail in water.


Message History

Aim: a cyan ugly thing
Okay, then.
Okay, then.
You hit the cyan ugly thing. You freeze the cyan ugly thing.
The cyan ugly thing is severely wounded.
The wall freezes the cyan ugly thing!
The cyan ugly thing misses you.
The wall freezes the cyan ugly thing!
The wall freezes the brown ugly thing.
The brown ugly thing closely misses you.
The wall freezes the cyan ugly thing.
You block the cyan ugly thing's attack.
The wall freezes the cyan ugly thing.
You block the cyan ugly thing's attack.
The wall freezes the cyan ugly thing!
The cyan ugly thing claws you. The cyan ugly thing shocks you!
* * * LOW HITPOINT WARNING * * *
As you read the scroll of teleportation, it crumbles to dust.
You feel strangely unstable.
The wall freezes the brown ugly thing.
The brown ugly thing misses you.
The wall freezes the cyan ugly thing.
The cyan ugly thing barely misses you.
The wall freezes the cyan ugly thing!
You kill the cyan ugly thing!
The wall freezes the cyan ugly thing!
The cyan ugly thing closely misses you.
Unknown command.
Your icy armour cracks and falls away as you move.
The frozen ramparts melt away as you move.
The brown ugly thing attacks as it pursues you!
The brown ugly thing closely misses you.
The brown ugly thing basks in the mutagenic energy from its kin and changes!
The cyan ugly thing misses you.
The cyan ugly thing attacks as it pursues you!
The cyan ugly thing claws you.
* * * LOW HITPOINT WARNING * * *
The cyan ugly thing shocks you!
* * * LOW HITPOINT WARNING * * *
You feel much better. The cyan ugly thing barely misses you.
You block the cyan ugly thing's attack.
Your surroundings seem slightly different.
The cyan ugly thing engulfs you. The cyan ugly thing shocks you!
* * * LOW HITPOINT WARNING * * *
The cyan ugly thing claws you!
* * * LOW HITPOINT WARNING * * *
The cyan ugly thing shocks you!
You die...

##.)..........####.
##.....#......## #.
##....######...# ##
######....## #...#
# .(........# ##..#
# .........## ..# #
>.........# ..
.........ยง##
...[.....@.##
.$.######uu)## ###
##.u)## ##uC$##
##...# ##...)...O
##..).... .......
<......


You could see 4 ugly things and a cyclops.

Vanquished Creatures
  2 orc warlords (Orc:2)
  Azrael (D:13)
  A centaur warrior (D:12)
  A boulder beetle (D:10)
  3 death yaks (Lair:4)
  A tengu warrior (D:13)
  A hell knight (Volcano)
  An orc high priest (Orc:2)
  Sonja (Lair:5)
  Lodul (D:14)
  Pikel (D:5)
  A deep elf pyromancer (D:13)
  4 orc knights
  2 ugly things
  An orc sorcerer (Orc:2)
  An elephant (Lair:4)
  A manticore (D:11)
  A black mamba (Lair:5)
  4 cane toads
  A komodo dragon (Lair:5)
  A kobold demonologist (D:6)
  3 trolls
  2 hornets
  A polar bear (Lair:5)
  Grinder (D:6)
  A blink frog (Lair:1)
  2 dream sheep
  5 spriggans
  2 shadows
  A vampire (D:11)
  6 humans
  4 yaks
  A steam dragon (D:8)
  A basilisk (D:6)
  2 fire elementals (D:13)
  A warg (D:6)
  2 acid dragons
  2 hell hounds (D:13)
  5 water moccasins
  An ice beast (D:6)
  5 orc warriors
  2 sky beasts
  13 ogres
  2 black bears (D:5)
  6 wolves
  3 centaurs
  4 lemures (D:5)
  A phantom (D:5)
  9 kobold brigands
  3 bullfrogs
  4 gnoll sergeants (D:6)
  5 scorpions
  8 wights
  2 killer bees (D:7)
  14 howler monkeys
  A quasit (D:8)
  8 hounds
  10 orc priests
  3 jellies
  2 gnoll boudas
  Ijyb (D:3)
  18 orc wizards
  2 iguanas (D:5)
  2 ogre zombies (D:10)
  24 gnolls
  10 adders
  A white imp (D:8)
  An ufetubus (D:7)
  2 worms
  5 dart slugs
  38 orcs
  A bat zombie (D:4)
  7 endoplasms
  2 giant cockroaches
  16 goblins
  5 hobgoblins
  5 jackals
  13 kobolds
  4 quokkas
  6 ball pythons
  3 bats
  2 frilled lizards
  A goblin skeleton (D:8)
  A goblin zombie (D:10)
  A hobgoblin skeleton (D:10)
  4 hobgoblin zombies
  3 kobold skeletons (D:8)
  7 orc zombies (D:10)
  5 rats
  3 rat zombies (D:4)
372 creatures vanquished.

Vanquished Creatures (collateral kills)
  Gastronok (Lair:1)
  An orc warlord (Orc:1)
  4 hydras
  2 boulder beetles
  2 two-headed ogres
  A death yak (Lair:4)
  2 centaur warriors
  Amaemon (Lair:2)
  Nergalle (Orc:1)
  2 skysharks
  A lindwurm (Lair:5)
  An orc knight (Orc:2)
  A deep elf pyromancer (D:12)
  3 manticores
  An orc sorcerer (Orc:2)
  A cyclops (D:13)
  2 ugly things (D:12)
  11 elephants
  2 black mambas
  A torpor snail (Lair:5)
  3 cane toads
  An orange demon (Lair:2)
  An unseen horror (D:10)
  9 komodo dragons
  3 rime drakes
  A yaktaur (Volcano)
  3 trolls
  A polar bear (Lair:5)
  4 hornets
  2 blink frogs (Lair:1)
  11 dream sheep
  A shadow (D:10)
  8 spriggans (Lair:5)
  A fire elemental (D:13)
  2 wyverns
  25 yaks
  2 steam dragons
  5 basilisks
  10 humans (D:13)
  6 wargs
  3 acid dragons
  18 water moccasins
  A two-headed ogre zombie (D:10)
  24 orc warriors
  5 black bears
  26 wolves
  10 ogres
  4 boggarts (Lair:5)
  9 centaurs
  A phantom (D:10)
  A kobold brigand (D:9)
  8 bullfrogs
  Blork the orc (Orc:2)
  3 wights
  3 electric eels
  A howler monkey (D:6)
  4 hounds (D:6)
  11 orc priests
  A sleepcap (D:7)
  22 orc wizards
  5 ogre zombies (D:10)
  A gnoll (Orc:1)
  An ufetubus (D:7)
  39 orcs
  8 kobolds
  A goblin skeleton (D:10)
  2 goblin zombies (D:10)
  A hobgoblin skeleton (D:10)
  5 hobgoblin zombies
  A kobold skeleton (D:8)
  6 orc zombies (D:10)
  2 butterflies (Lair:5)
368 creatures vanquished.

Vanquished Creatures (others)
  An orc warrior (Orc:2)
  A centaur (D:9)
  6 ancestors
  25 battlemagi
  An orc (Orc:2)
34 creatures vanquished.

Grand Total: 774 creatures vanquished

Notes
Turn   | Place    | Note
-------+----------+-------------------------------------------
     0 | D:1      | oldriver the Merfolk Ice Elementalist began the quest for
                  | the Orb.
     0 | D:1      | Reached XP level 1. HP: 13/13 MP: 3/3
   265 | D:1      | Reached XP level 2. HP: 19/19 MP: 1/5
   489 | D:1      | Found a faded altar of an unknown god.
   998 | D:2      | Reached XP level 3. HP: 21/24 MP: 3/6
  1542 | D:2      | Found Irghirph's Assorted Antiques.
  1547 | D:2      | Bought a scroll labelled MIMUCHAARA for 21 gold pieces
  1547 | D:2      | Bought a scroll labelled WEONOE JOGAO for 21 gold pieces
  1547 | D:2      | Bought a scroll labelled GYKULO FOUPRO for 21 gold pieces
  1805 | D:2      | Reached XP level 4. HP: 28/30 MP: 4/7
  1810 | D:2      | Reached skill level 5 in Ice Magic
  2364 | D:3      | Noticed Ijyb
  2468 | D:3      | Reached skill level 1 in Fighting
  2614 | D:3      | Killed Ijyb
  2858 | D:3      | Found a runed translucent door.
  2859 | D:3      | Noticed Pooter's ghost (amateur MfGl)
  2948 | D:3      | Found a large runed translucent door.
  2950 | D:3      | Found a large runed translucent door.
  3015 | D:3      | Reached XP level 5. HP: 37/37 MP: 7/9
  3268 | D:3      | Found a one-way gate to the infinite horrors of the Abyss.
  3300 | D:3      | Found a corrupted altar of Lugonu.
  3596 | D:4      | Found Reoxops's Magic Scroll Shop.
  3668 | D:4      | Identified the +7 war axe "Pureivet" {pain, Str+3 Dex+5}
  3886 | D:4      | Learned a level 3 spell: Frozen Ramparts
  4000 | D:4      | Learned a level 3 spell: Ozocubu's Armour
  4103 | D:4      | Reached XP level 6. HP: 39/44 MP: 5/11
  4243 | D:4      | Found an ancient bone altar of Kikubaaqudgha.
  4517 | D:4      | Found an iron altar of Okawaru.
  4517 | D:4      | Found a stormy altar of Qazlal.
  4525 | D:4      | Found a faded altar of an unknown god.
  4575 | D:4      | Found a faded altar of an unknown god.
  4577 | D:4      | Found a hazy altar of Hepliaklqana.
  4662 | D:4      | Became a worshipper of Hepliaklqana the Forgotten
  4702 | D:5      | Entered Level 5 of the Dungeon
  4714 | D:5      | Found Pampes's Magic Scroll Emporium.
  4738 | D:5      | Reached skill level 5 in Stealth
  4738 | D:5      | Reached XP level 7. HP: 7/51 MP: 4/12
  5154 | D:5      | Noticed Pikel
  5177 | D:5      | Killed Pikel
  5178 | D:5      | Reached skill level 5 in Fighting
  5178 | D:5      | Reached skill level 5 in Spellcasting
  5178 | D:5      | Reached XP level 8. HP: 41/62 MP: 0/15
  5343 | D:5      | Found a staircase to the Ecumenical Temple.
  6140 | D:5      | Reached XP level 9. HP: 66/68 MP: 18/18
  6269 | D:6      | Learned a level 4 spell: Summon Ice Beast
  6282 | D:6      | Noticed Grinder
  6392 | D:6      | Paralysed by Grinder for 3 turns
  6551 | D:6      | Killed Grinder
  7017 | D:6      | Reached skill level 10 in Ice Magic
  7045 | D:6      | Noticed a kobold demonologist
  7068 | D:6      | Killed a kobold demonologist
  7069 | D:6      | Reached XP level 10. HP: 57/74 MP: 22/22
  8231 | D:6      | Reached * piety under Hepliaklqana
  8517 | D:6      | Found a snail-covered altar of Cheibriados.
  9296 | D:7      | Paralysed by a hornet for 1 turns
  9298 | D:7      | HP: 2/66 [poisoned by a hornet]
  9609 | D:7      | Reached skill level 10 in Spellcasting
  9682 | D:7      | Identified the +3 leather armour of Gaydgh {rF+ rC+ Dex-4}
  9705 | D:7      | Reached XP level 11. HP: 71/71 MP: 25/25
  9799 | D:7      | Identified the ring "Gyadgh" {rF+ Dex+2}
 10385 | D:8      | Found a glowing golden altar of the Shining One.
 10386 | D:8      | Identified the +8 falchion "Bytaup" {freeze, rC+ Int+2}
 10859 | D:8      | Found a sacrificial altar of Ru.
 11224 | D:9      | Reached ** piety under Hepliaklqana
 11229 | D:9      | Remembered your ancestor Khabaw as a battlemage
 11350 | D:9      | Found an ornate altar of the Wu Jian Council.
 11410 | D:9      | Upgraded the game from 0.31-a0-460-g9e667d4245 to
                  | 0.31-a0-609-g7bf6ffcfed
 12156 | D:10     | Entered Level 10 of the Dungeon
 12397 | D:10     | Found a basalt altar of Yredelemnul.
 12468 | D:10     | Reached *** piety under Hepliaklqana
 12493 | D:10     | Noticed a boulder beetle
 12543 | D:10     | Killed a boulder beetle
 12544 | D:10     | Reached skill level 1 in Summonings
 12692 | D:10     | Found a staircase to the Orcish Mines.
 13427 | D:10     | Reached skill level 1 in Shapeshifting
 13875 | D:11     | Noticed a manticore
 13897 | D:11     | Killed a manticore
 14080 | D:11     | Reached **** piety under Hepliaklqana
 14282 | D:11     | Noticed a two-headed ogre
 14289 | D:11     | Killed a two-headed ogre
 14488 | D:11     | Found a staircase to the Lair.
 14691 | D:11     | Reached XP level 12. HP: 79/79 MP: 27/27
 14907 | Lair:1   | Entered Level 1 of the Lair of Beasts
 14948 | Lair:1   | Reached skill level 5 in Dodging
 15566 | Lair:1   | Noticed Gastronok
 15581 | Lair:1   | Killed Gastronok
 15792 | Lair:1   | Reached ***** piety under Hepliaklqana
 16109 | Lair:2   | Noticed Amaemon
 16123 | Lair:2   | Killed Amaemon
 16154 | Lair:2   | Found a hole to the Spider Nest.
 16234 | Lair:2   | Noticed a boulder beetle
 16243 | Lair:2   | Killed a boulder beetle
 16377 | Lair:2   | Found a staircase to the Shoals.
 16733 | Lair:3   | Identified a scroll of acquirement
 16733 | Lair:3   | Acquired a staff of cold
 16800 | Lair:3   | Found a dark tunnel.
 16806 | Volcano  | Entered a volcano
 16818 | Volcano  | Noticed a hell knight
 16830 | Volcano  | Killed a hell knight
 16831 | Volcano  | Reached skill level 5 in Summonings
 16831 | Volcano  | Reached XP level 13. HP: 55/87 MP: 13/28
 16832 | Volcano  | Reached skill level 5 in Shapeshifting
 18867 | Lair:4   | Found a viscous altar of Jiyva.
 18867 | Lair:4   | Found a staircase to the Slime Pits.
 19159 | Lair:4   | Reached skill level 10 in Dodging
 19765 | Lair:5   | Entered Level 5 of the Lair of Beasts
 19912 | Lair:5   | Reached skill level 10 in Fighting
 20161 | Lair:5   | Reached XP level 14. HP: 99/99 MP: 31/31
 20909 | Lair:5   | Noticed Sonja
 20939 | Lair:5   | Killed Sonja
 21216 | Lair:5   | Reached skill level 1 in Shields
 21299 | Lair:5   | Reached ****** piety under Hepliaklqana
 22477 | D:2      | Bought a twisted sapphire amulet for 105 gold pieces
 22677 | Orc:1    | Entered Level 1 of the Orcish Mines
 23212 | Orc:1    | Noticed Nergalle
 23226 | Orc:1    | Killed Nergalle
 23491 | Orc:2    | Entered Level 2 of the Orcish Mines
 23497 | Orc:2    | Noticed an orc warlord
 23526 | Orc:2    | Killed an orc warlord
 23827 | Orc:2    | Noticed an orc warlord
 24190 | Orc:1    | Killed an orc warlord
 24777 | Orc:2    | Noticed Blork the orc
 24796 | Orc:2    | Killed Blork the orc
 24993 | Orc:2    | Noticed an orc warlord
 25083 | Orc:2    | Killed an orc warlord
 25464 | Orc:2    | Found Niprah's Antique Armour Shoppe.
 26274 | Orc:2    | Reached skill level 5 in Shields
 26318 | Orc:2    | Found Tuovo's General Store.
 26518 | Orc:2    | Bought a potion of curing for 30 gold pieces
 26623 | Orc:2    | Found a staircase to the Elven Halls.
 26776 | Orc:2    | Found Opats's Jewellery Shop.
 26851 | Orc:2    | Reached XP level 15. HP: 97/108 MP: 33/33
 26927 | Orc:2    | Found Dirchuh's Antique Weapon Shop.
 26941 | Orc:2    | Found Jozyrh Ituc's Antique Armour Shop.
 26949 | Orc:2    | Bought a slimy robe for 205 gold pieces
 26949 | Orc:2    | Identified the +1 robe of the Evil One {rElec Will+ Int+6
                  | Dex-5} (You bought it in a shop on level 2 of the Orcish
                  | Mines)
 26949 | Orc:2    | Bought a shiny buckler for 270 gold pieces
 28121 | D:13     | Found a gate to the Vaults.
 28807 | D:5      | Bought 3 scrolls of enchant armour for 315 gold pieces
 28807 | D:5      | Bought a scroll of acquirement for 728 gold pieces
 28807 | D:5      | Bought a scroll of teleportation for 42 gold pieces
 28807 | D:5      | Bought a scroll of teleportation for 42 gold pieces
 28807 | D:5      | Bought a scroll of fear for 56 gold pieces
 28807 | D:5      | Acquired the Elucidation of the Stormy Serac
 28818 | D:5      | Learned a level 7 spell: Ozocubu's Refrigeration
 29044 | D:13     | Noticed Azrael
 29071 | D:13     | Killed Azrael
 29209 | D:13     | Identified the +3 scale mail of the Tsukumogami {+Inv
                  | Str+4}
 30125 | D:14     | Noticed Rupert
 30275 | D:14     | Noticed Lodul
 30291 | D:14     | Killed Lodul
 30312 | D:14     | Mangled by a cyan ugly thing

Illustrated notes

Levels and vault maps discovered:
D:1:      wander_arrival_fairy_ring, layout_rooms,
          shapermc_ecumenical_altar_flowoftime, nicolae_figureground_pulse
D:2:      layout_basic, serial_shops, nicolae_shop_tiny_waterfront,
          hangedman_decor_clover_reticule, minivault_19
D:3:      due_chaos_kobolds, layout_basic, hellmonk_ghost_happy_afterlife,
          uniq_ijyb
D:4:      minmay_door_path, layout_basic, lemuel_zombie_altar_kikubaaqudgha,
          chequers_temple_overflow_minitemple, serial_shops, shop
D:5:      layout_loops_ring, minmay_temple_entry_junction, serial_shops,
          nicolae_diamond_shop, uniq_pikel
D:6:      lemuel_castle_with_subvaults [lemuel_castle_interior_original],
          layout_rooms, cheibrodos_worm_habitat, st_stairs_7,
          kennysheep_generic_room_3, uniq_grinder
D:7:      minmay_bubble_buster, layout_gridville, serial_glass, glass_columns_a,
          glass_columns_a, glass_columns_a, glass_columns_a, glass_columns_c,
          due_unseen_surprise
D:8:      minmay_evil_eye, layout_gridville, nicolae_tso_besieged_by_evil,
          nicolae_ru_awakened_eye
D:9:      nicolae_cairo_tiling_large_dashed, layout_irregular_city,
          mainiacjoe_overflow_chevrons, lemuel_flamethrower_hall
D:10:     layout_loops_corners, general_overflow_altar, zombieorc2_lemuel
D:11:     layout_loops_corners, lair_entry_dummy
D:12:     layout_loops_ring
D:13:     layout_long_grid, david_vaults_3, uniq_azrael
D:14:     layout_layer_cave, amethyst_killhole, uniq_rupert, uniq_lodul,
          uniq_snorg
Lair:1:   layout_regular_city, serial_rivers, chequers_serial_rivers_marsh,
          chequers_serial_rivers_room_b, chequers_serial_rivers_micro_c,
          chequers_serial_rivers_large_b, chequers_serial_rivers_room_a,
          chequers_serial_rivers_micro_e, chequers_serial_rivers_small_3,
          uniq_gastronok
Lair:2:   layout_cave_shapes, elwin_shoals_entry_rooms,
          spider_nest_entry_web_field, serial_bayou_shore_b, uniq_amaemon
Lair:3:   layout_cave_pods, enter_volcano_2, beast_lair_carwin_4
Lair:4:   layout_concentric_octagons, dpeg_slime_entry_enclosed,
          serial_bayou_lagoon_a, serial_bayou_ford_a, serial_bayou_pond_a,
          grunt_forest_small_clearings, lemuel_fruit_tree
Lair:5:   minmay_lair_end_enchanted_forest, layout_misc_corridors,
          infiniplex_staircase_pool, lemuel_fruit_fields, serial_bayou_shore_a,
          uniq_sonja
Orc:1:    layout_diamond_mine, guppyfry_library_mini, uniq_nergalle
Orc:2:    grunt_orc_cross, layout_diamond_mine, serial_shops,
          nicolae_shop_trees, basic_altar

Skill      XL: |  1  2  3  4  5  6  7  8  9 10 11 12 13 14 15 |
---------------+----------------------------------------------+-----
Stealth        | 3 4 5 6 7 |  7.0
Ice Magic      | 5 6 7 8 10 12 13 14 | 14.9
Fighting       | 1 2 5 6 7 10 11 12 | 12.0
Spellcasting   | 3 5 6 8 10 11 13 14 | 14.0
Dodging        | 4 7 11 13 14 | 14.0
Summonings     | 2 5 6 |  6.6
Shapeshifting  | 2 4 5 |  5.0
Shields        | 5 |  5.0

Action                     |  1- 3 |  4- 6 |  7- 9 | 10-12 | 13-15 || total
---------------------------+-------+-------+-------+-------+-------++-------
  Melee: Whip              |     9 |       |       |       |       ||     9
         Unarmed           |     2 |       |       |       |       ||     2
         Short sword       |       |     5 |       |       |       ||     5
         War axe           |       |    44 |    74 |   157 |       ||   275
         Punch             |       |     1 |     1 |     5 |       ||     7
         Tailslap          |       |       |       |     2 |     3 ||     5
         Falchion          |       |       |       |    70 |   239 ||   309
   Cast: Freeze            |    56 |    40 |     5 |       |     4 ||   105
         Frozen Ramparts   |       |    11 |    32 |    73 |    62 ||   178
         Ozocubu's Armour  |       |     2 |    10 |    36 |    36 ||    84
         Summon Ice Beast  |       |       |       |    68 |   184 ||   252
 Invoke: Recall Ancestor   |       |       |       |     1 |     2 ||     3
         Ancestor Life: Ba |       |       |       |     1 |       ||     1
         Ancestor Identity |       |       |       |     1 |       ||     1
         Idealise          |       |       |       |       |     1 ||     1
  Evoke: Wand              |       |       |       |     1 |     1 ||     2
    Use: Scroll            |     9 |     4 |     3 |    15 |     6 ||    37
         Potion            |       |       |     1 |     3 |     3 ||     7
   Stab: Sleeping          |       |     3 |       |     1 |       ||     4
         Distracted        |       |       |       |     5 |     7 ||    12
 Armour: Robe              |    11 |    18 |    31 |    29 |       ||    89
         Leather armour    |       |       |       |    82 |   134 ||   216
         Skin              |       |       |       |     1 |       ||     1
  Dodge: Dodged            |    37 |    46 |    64 |   237 |   358 ||   742
  Block: Buckler           |       |       |       |       |    70 ||    70
         Form:             |       |       |       |       |     1 ||     1
         Anaconda          |       |       |       |       |     1 ||     1

Table legend: (Time is in decaauts)
 A = Elapsed time spent in this place.
 B = Non-inter-level travel time spent in this place.
 C = Inter-level travel time spent in this place.
 D = Time resting spent in this place.
 E = Time spent auto-exploring this place.
 F = Levels seen in this place.
 G = Mean time per level.
                   A        B        C        D        E       F      G
               +--------+--------+--------+--------+--------+-----+--------+
         Total |  30491 |  28611 |   1880 |   5410 |  17657 |  22 | 1386.0 |
       Dungeon |  18693 |  17190 |   1503 |   2956 |  11261 |  14 | 1335.2 |
          Lair |   6845 |   6517 |    328 |    523 |   4435 |   5 | 1369.0 |
  Orcish Mines |   4456 |   4408 |     48 |   1568 |   1897 |   2 | 2228.0 |
       Volcano |    495 |    495 |      0 |    363 |     63 |   1 |  495.0 |
               +--------+--------+--------+--------+--------+-----+--------+

Top non-repeatable levels by time:
     D:6: 2893 daAuts
   Orc:1: 2330 daAuts
   Orc:2: 2126 daAuts
  Lair:5: 2114 daAuts
     D:5: 1801 daAuts
  Lair:4: 1738 daAuts
    D:10: 1723 daAuts
     D:2: 1424 daAuts
    D:11: 1287 daAuts
     D:7: 1287 daAuts
     D:3: 1279 daAuts
    D:12: 1276 daAuts
    D:13: 1237 daAuts
  Lair:1: 1213 daAuts
     D:4: 1165 daAuts
